 Dungeon Crawl Stone Soup version 0.27-a0-291-gd9602db6ee (webtiles) character file.

Game seed: 16573746462566100164

27287 Lanoc the Warrior (level 13, -5/127 HPs)
             Began as a Green Draconian Monk on Feb 9, 2021.
             Was the Champion of Wu Jian.
             Slain by a sun demon (13 damage)
             ... on level 1 of the Orcish Mines.
             The game lasted 00:26:07 (16002 turns).

Lanoc the Warrior (Green Draconian Monk)           Turns: 16002, Time: 00:26:08

Health: -5/127     AC: 11    Str: 13    XL:     13   Next: 3%
Magic:  11/11      EV: 23    Int: 13    God:    Wu Jian [******]
Gold:   1124       SH:  4    Dex: 20    Spells: 12/12 levels left

rFire    . . .     SeeInvis +   b - +8 hunting sling "Feekhal" {venom, +Blink Will+++ Dex-3 SInv}
rCold    + . .     Faith    .   A - +0 buckler
rNeg     . . .     Spirit   .   (armour unavailable)
rPois    +         Reflect  .   (helmet restricted)
rElec    .         Harm     .   v - +2 cloak
rCorr    .         Rampage  .   (no gloves)
Will     +++..     Clarity  +   (no boots)
Stlth    ++........             J - amulet of regeneration
HPRegen  0.71/turn              y - +6 ring of dexterity
MPRegen  0.12/turn              (no ring)

@: short of breath
A: breathe noxious fumes, unfitting armour, big wings, clarity, cold resistance
1, low mp 1, poison resistance, cold-blooded, AC +8
a: Breathe Noxious Fumes, Fly, Renounce Religion, Evoke Blink, Wall Jump,
Serpent's Lash, Heavenly Storm


You were on level 1 of the Orcish Mines.
You worshipped Wu Jian.
Wu Jian was exalted by your worship.
You visited 3 branches of the dungeon, and saw 16 of its levels.
You also visited: Ossuary and Ice Cave.

You collected 1189 gold pieces.
You spent 65 gold pieces at shops.

Inventory:

Hand Weapons
 a - a +3 scimitar of flaming
 b - the +8 hunting sling "Feekhal" (weapon) {venom, +Blink Will+++ Dex-3 SInv}
   (You found it on level 4 of the Dungeon)

   It poisons the ammo it fires.
   It affects your dexterity (-3).
   It affects your willpower, your defense against some magical effects.
   It lets you see invisible.
   It lets you blink.
 H - a +5 scimitar
Missiles
 o - 17 stones (quivered ammo)
 z - 57 sling bullets
Armour
 i - a +0 kite shield
 v - a +2 cloak (worn)
 A - a +0 buckler (worn)
Jewellery
 j - the ring "Comaepso" {Ice Dex+3}
   (You found it in an ice cave)

   [ring of ice]

   It enhances your ice magic.
   It affects your dexterity (+3).
   It makes you vulnerable to fire.
   It protects you from cold.
 y - a +6 ring of dexterity (left hand)
 J - an amulet of regeneration (around neck)
Wands
 p - a wand of iceblast (53)
 r - a wand of random effects (32)
 t - a wand of paralysis (7)
 E - a wand of mindburst (7)
Scrolls
 e - 12 scrolls of remove curse
 f - 4 scrolls of enchant armour
 g - 14 scrolls of identify
 B - a scroll of magic mapping
 C - 2 scrolls of amnesia
 D - 2 scrolls of fog
Potions
 c - 3 potions of haste
 h - 6 potions of attraction
 k - 2 potions of mutation
 l - 3 potions of magic
 m - a potion of invisibility
 n - 4 potions of lignification
 q - a potion of cancellation
 s - a potion of resistance
 u - 4 potions of flight
 w - 4 potions of curing
 G - 4 potions of ambrosia
Miscellaneous
 F - a phial of floods


   Skills:
 + Level 15.3 Fighting
 - Level 9.5 Long Blades
 + Level 13.2 Dodging
 - Level 1.7 Stealth


You had 12 spell levels left.
You didn't know any spells.
Your spell library contained the following spells:

 Spells                   Type           Power        Failure   Level
 Animate Skeleton         Necr           0%           45%         1
 Apportation              Tloc           0%           45%         1
 Corona                   Hex            0%           45%         1
 Magic Dart               Conj           0%           45%         1
 Summon Small Mammal      Summ           0%           45%         1
 Blink                    Tloc           N/A          61%         2
 Call Imp                 Summ           0%           61%         2
 Slow                     Hex            0%           61%         2
 Conjure Flame            Conj/Fire      0%           83%         3
 Mephitic Cloud           Conj/Pois/Air  0%           83%         3
 Ice Form                 Ice/Tmut       0%           99%         4
 Metabolic Englaciation   Hex/Ice        0%           100%        5
 Freezing Cloud           Conj/Ice/Air   0%           100%        6
 Simulacrum               Ice/Necr       0%           100%        6
 Ozocubu's Refrigeration  Ice            0%           100%        7


Dungeon Overview and Level Annotations

Branches:
Dungeon (15/15)            Temple (1/1) D:5             Orc (2/2) D:12
    Elf (0/3) Orc:2        Vaults (0/5) D:14         Depths (0/5) D:15
Ossuary (visited)           IceCv (visited)
   Lair: D:8-11

Altars:
Ashenzari
Cheibriados
Fedhas
Qazlal
Sif Muna
Trog
Wu Jian
Xom
The Shining One

Shops:
D:5 [   D:9 [   Orc:1 *?   Orc:2 =

Annotations:
D:14 3 runed translucent doors, Zenexuts's ghost, journeyman DsFi
D:15 1 transporter, HoaS's ghost, journeyman GrGl


Innate Abilities, Weirdness & Mutations

You can breathe blasts of noxious fumes.
Your lurid green scales are hard. (AC +8)
You cannot fit into any form of body armour.
Your system is resistant to poisons. (rPois)
You are cold-blooded and may be slowed by cold attacks.
Your large and strong wings let you fly indefinitely.
You possess an exceptional clarity of mind.
Your flesh is cold resistant. (rC+)
Your magical capacity is low. (-10% MP)


Message History

You shoot a stone. The stone closely misses the sun demon.
The sun demon closely misses you. The sun demon misses you.
Fire: 19 stones
Press: ? - help, Q - select action, (/) - cycle Shift-Dir - straight line, f/p - sun demon
Aim: a sun demon (almost dead, very poisoned, 70% to hit)
You shoot a stone. The stone closely misses the sun demon.
The sun demon hits you!!
* * * LOW HITPOINT WARNING * * *
You are engulfed in flames!
* * * LOW HITPOINT WARNING * * *
You feel much better. The sun demon misses you.
Fire: 18 stones
Press: ? - help, Q - select action, (/) - cycle Shift-Dir - straight line, f/p - sun demon
Aim: a sun demon (almost dead, very poisoned, 70% to hit)
You shoot a stone. The stone hits the sun demon.
The sun demon is almost dead.
The sun demon hits you!!
* * * LOW HITPOINT WARNING * * *
You are engulfed in flames!
You die...

#.....###
######....## ##.#
#.#...#
###..######....
##.#....##......
##.......#.......
##..........).....
#..........)......
###@...#####..).._..
#.#3..#######.......
##.##..#.##.........
###.....#..........
#.....#....#.....
###.#......##....
###.....###..#.
#...#### #####
##...# #


You could see a sun demon (very poisoned).

Vanquished Creatures
  2 orc warlords
  A merfolk impaler (D:12)
  Erolcha (D:13)
  An ice dragon (D:14)
  2 two-headed ogres (D:13)
  A merfolk avatar (D:12)
  2 centaur warriors
  Erica (D:8)
  Urug (D:13)
  A deep troll (D:14)
  Pikel (D:4)
  2 necromancers
  2 orc sorcerers
  A cyclops (D:13)
  An ice statue (IceCv)
  A gargoyle (D:12)
  An efreet (D:15)
  10 freezing wraiths (IceCv)
  A komodo dragon (D:13)
  3 trolls (D:12)
  2 wraiths
  A water elemental (D:12)
  5 yaks (D:12)
  A death yak simulacrum (IceCv)
  A steam dragon (D:12)
  A warg (Orc:1)
  Duvessa (D:5)
  A water moccasin (D:8)
  9 ice beasts
  A hornet zombie (D:9)
  2 eyes of draining
  24 orc warriors
  An alligator simulacrum (IceCv)
  An eye of draining (shapeshifter) (D:14)
  13 ogres
  5 centaurs
  2 phantoms
  Blork the orc (D:4)
  2 kobold brigands (D:12)
  6 bullfrogs
  A gnoll sergeant (D:9)
  A wyvern zombie (Ossuary)
  A wyvern skeleton (D:8)
  Dowan (D:5)
  3 scorpions
  A water moccasin skeleton (D:4)
  An electric eel (D:12)
  13 wights
  5 howler monkeys
  A centaur zombie (D:8)
  2 bullfrog zombies (Ossuary)
  A quasit (D:8)
  4 draconian simulacra (IceCv)
  9 hounds
  10 orc priests
  3 jellies
  2 bullfrog skeletons
  Terence (D:3)
  2 iguanas
  Ijyb (D:4)
  14 orc wizards
  6 worker ants
  A spriggan simulacrum (IceCv)
  6 troll simulacra (IceCv)
  2 wolf simulacra (IceCv)
  4 centaur simulacra (IceCv)
  17 mummies (Ossuary)
  5 worker ant zombies (Ossuary)
  A howler monkey zombie (Ossuary)
  5 gnolls (D:9)
  4 ogre simulacra (IceCv)
  7 adders
  A howler monkey skeleton (D:8)
  A naga simulacrum (IceCv)
  A shadow imp (D:6)
  14 white imps
  An ufetubus (D:9)
  An adder zombie (Ossuary)
  An ooze (D:3)
  An adder skeleton (D:4)
  2 worms
  A dart slug (D:2)
  2 leopard geckos (D:4)
  58 orcs
  2 ball pythons
  3 giant cockroaches
  4 goblins (D:3)
  5 hobgoblins
  14 kobolds
  A quokka (D:9)
  3 bats
  6 frilled lizards
  3 giant cockroach zombies (Ossuary)
  A jackal zombie (Ossuary)
  2 leopard gecko zombies (Ossuary)
  3 quokka skeletons
  2 quokka zombies (Ossuary)
  2 rats (D:3)
386 creatures vanquished.

Vanquished Creatures (others)
  A shadow wraith (D:14)
  An electric eel (D:12)
  3 withered plants (Ossuary)
5 creatures vanquished.

Grand Total: 391 creatures vanquished

Notes
Turn   | Place    | Note
-------+----------+-------------------------------------------
     0 | D:1      | Lanoc the Draconian Monk began the quest for the Orb.
     0 | D:1      | Reached XP level 1. HP: 19/19 MP: 1/1
   189 | D:2      | Reached XP level 2. HP: 21/26 MP: 2/2
   505 | D:3      | Reached XP level 3. HP: 33/33 MP: 3/3
   925 | D:3      | Noticed Terence
   951 | D:3      | Killed Terence
   952 | D:3      | Reached XP level 4. HP: 39/40 MP: 4/4
   958 | D:3      | Reached skill level 4 in Fighting
  1719 | D:4      | Noticed Pikel
  1719 | D:4      | Noticed a lemure
  1720 | D:4      | Noticed a lemure
  1720 | D:4      | Noticed a lemure
  1721 | D:4      | Noticed a lemure
  1721 | D:4      | Noticed an ogre
  1774 | D:4      | Killed Pikel
  1775 | D:4      | Reached skill level 5 in Fighting
  1775 | D:4      | Reached XP level 5. HP: 31/48 MP: 5/5
  1775 | D:4      | Reached XP level 6. HP: 37/56 MP: 6/6
  1775 | D:4      | Your scales start taking on a lurid green colour.
  1775 | D:4      | Reached XP level 7. HP: 40/61 MP: 7/7
  1775 | D:4      | Gained mutation: Your system is resistant to poisons.
                  | (rPois) [Green Draconian growth]
  1775 | D:4      | Gained mutation: Your magical capacity is low. (-10% MP)
                  | [potion of mutation]
  1775 | D:4      | Gained mutation: You possess an exceptional clarity of
                  | mind. [potion of mutation]
  1775 | D:4      | Gained mutation: Your flesh is cold resistant. (rC+)
                  | [potion of mutation]
  1775 | D:4      | Gained mutation: Your large and strong wings let you fly
                  | indefinitely. [potion of mutation]
  2248 | D:4      | Found an ornate altar of the Wu Jian Council.
  2297 | D:4      | Became a worshipper of the Wu Jian Council
  2297 | D:4      | Reached * piety under Wu Jian
  2297 | D:4      | Reached ** piety under Wu Jian
  2341 | D:4      | Got an iridescent hunting sling
  2341 | D:4      | Identified the +8 hunting sling "Feekhal" {venom, +Blink
                  | Will+++ Dex-3 SInv} (You found it on level 4 of the
                  | Dungeon)
  2372 | D:4      | Noticed Ijyb
  2379 | D:4      | Killed Ijyb
  2610 | D:4      | Noticed Blork the orc
  2618 | D:4      | Killed Blork the orc
  2641 | D:4      | Found a shimmering blue altar of Sif Muna.
  2756 | D:4      | Reached skill level 6 in Fighting
  2769 | D:4      | Reached skill level 5 in Dodging
  2769 | D:4      | Reached XP level 8. HP: 33/70 MP: 7/7
  3193 | D:5      | Entered Level 5 of the Dungeon
  3262 | D:5      | Found a shimmering altar of Xom.
  3420 | D:5      | Found a stormy altar of Qazlal.
  3425 | D:5      | Noticed an air elemental
  3497 | D:5      | Noticed Dowan
  3497 | D:5      | Noticed Duvessa
  3508 | D:5      | Killed Duvessa
  3511 | D:5      | Killed Dowan
  3757 | D:5      | Found a staircase to the Ecumenical Temple.
  3766 | Temple   | Entered the Ecumenical Temple
  3876 | D:5      | Found a snail-covered altar of Cheibriados.
  4197 | D:5      | Found Buinnori's Armour Emporium.
  4576 | D:6      | Found a glowing golden altar of the Shining One.
  4600 | D:6      | You fall into a shaft and drop 2 floors!
  4600 | D:8      | Found a bloodstained altar of Trog.
  4631 | D:8      | Reached skill level 7 in Fighting
  4719 | D:8      | Noticed Erica
  4736 | D:8      | Reached *** piety under Wu Jian
  4740 | D:8      | Killed Erica
  4741 | D:8      | Reached XP level 9. HP: 22/79 MP: 8/8
  5062 | D:8      | Found a sand-covered staircase.
  5066 | Ossuary  | Entered an ossuary
  5144 | Ossuary  | Reached skill level 8 in Fighting
  5996 | D:8      | Reached **** piety under Wu Jian
  6263 | D:8      | Reached skill level 9 in Fighting
  6543 | D:9      | Found a broken altar of Ashenzari.
  6940 | D:9      | Reached XP level 10. HP: 82/85 MP: 9/9
  7498 | D:9      | Found a blossoming altar of Fedhas.
  7843 | D:9      | Found Pistrongo's Armour Emporium.
  7970 | D:10     | Entered Level 10 of the Dungeon
  8049 | D:10     | Found a broken altar of Ashenzari.
  8052 | D:10     | You fall into a shaft and drop 2 floors!
  8057 | D:12     | Noticed a gargoyle
  8062 | D:12     | Reached skill level 10 in Fighting
  8387 | D:12     | Killed a gargoyle
  8625 | D:12     | Found a runed translucent door.
  8626 | D:12     | Found a runed translucent door.
  8883 | D:12     | Reached ***** piety under Wu Jian
  8967 | D:12     | Reached skill level 11 in Fighting
  9568 | D:12     | Reached XP level 11. HP: 94/102 MP: 9/9
  9785 | D:12     | Reached skill level 10 in Dodging
  9847 | D:12     | Noticed a merfolk avatar
  9849 | D:12     | Noticed a merfolk impaler
  9850 | D:12     | Found a runed translucent door.
 10039 | D:12     | Found a staircase to the Orcish Mines.
 10166 | D:12     | Killed a merfolk avatar
 10182 | D:12     | Killed a merfolk impaler
 10183 | D:12     | Reached skill level 12 in Fighting
 10518 | D:13     | Noticed a two-headed ogre
 10529 | D:13     | Killed a two-headed ogre
 10698 | D:13     | Noticed a centaur warrior
 10708 | D:13     | Killed a centaur warrior
 11249 | D:13     | Noticed a two-headed ogre
 11257 | D:13     | Killed a two-headed ogre
 11450 | D:13     | Noticed Erolcha
 11457 | D:13     | Killed Erolcha
 11458 | D:13     | Reached skill level 13 in Fighting
 11548 | D:13     | Noticed Urug
 11559 | D:13     | Killed Urug
 11837 | D:14     | Found a runed translucent gate.
 11837 | D:14     | Found a runed translucent gate.
 11838 | D:14     | Noticed an eight-headed hydra
 11839 | D:14     | Found a runed translucent gate.
 11839 | D:14     | Noticed a tengu reaver
 11840 | D:14     | Noticed Zenexuts's ghost (journeyman DsFi)
 11842 | D:14     | Noticed a boulder beetle
 11842 | D:14     | Noticed a deep elf high priest
 11864 | D:14     | Noticed a centaur warrior
 11874 | D:14     | Killed a centaur warrior
 12301 | D:14     | Noticed a necromancer
 12305 | D:14     | Noticed a deep troll
 12307 | D:14     | Killed a necromancer
 12308 | D:14     | Reached XP level 12. HP: 115/115 MP: 10/10
 12309 | D:14     | Noticed an ice dragon
 13022 | D:14     | Found a gate to the Vaults.
 13182 | D:14     | Killed an ice dragon
 13384 | D:15     | Entered Level 15 of the Dungeon
 13480 | D:15     | Found a broken altar of Ashenzari.
 13496 | D:15     | Found a frozen archway.
 13501 | D:15     | Noticed a fire dragon
 13503 | D:15     | Found a transporter.
 13508 | D:15     | Noticed a seven-headed hydra
 13508 | D:15     | Noticed an ice dragon
 13509 | D:15     | Noticed HoaS's ghost (journeyman GrGl)
 13522 | D:15     | Noticed a seven-headed hydra
 13528 | IceCv    | Entered an ice cave
 13586 | IceCv    | Reached skill level 14 in Fighting
 13958 | IceCv    | Found an ancient bone altar of Kikubaaqudgha.
 14402 | IceCv    | Got a fine ivory ring
 14403 | IceCv    | Identified the ring "Comaepso" {Ice Dex+3} (You found it in
                  | an ice cave)
 14842 | D:15     | Noticed a fire dragon
 14843 | D:15     | Noticed a fire dragon
 14939 | Orc:1    | Entered Level 1 of the Orcish Mines
 14952 | Orc:1    | Reached ****** piety under Wu Jian
 14966 | Orc:1    | Found a bloodstained altar of Trog.
 15088 | Orc:1    | Noticed an orc warlord
 15118 | Orc:1    | Killed an orc warlord
 15119 | Orc:1    | Reached skill level 15 in Fighting
 15225 | Orc:1    | Found Feiroeme's Magic Scroll Emporium.
 15245 | Orc:1    | Bought a scroll of teleportation for 39 gold pieces
 15245 | Orc:1    | Bought a scroll of identify for 26 gold pieces
 15256 | Orc:1    | Found Hezxuohao's Mayhem Merchandise.
 15340 | Orc:2    | Entered Level 2 of the Orcish Mines
 15493 | Orc:2    | Noticed an orc warlord
 15504 | Orc:2    | Found Debbyrir's Jewellery Boutique.
 15560 | Orc:2    | Killed an orc warlord
 15814 | Orc:2    | Found a staircase to the Elven Halls.
 15824 | Orc:2    | Reached XP level 13. HP: 115/127 MP: 11/11
 16000 | Orc:1    | HP: 1/127 [sun demon (16)]
 16002 | Orc:1    | Slain by a sun demon

Illustrated notes

Levels and vault maps discovered:
D:1:      evilmike_arrival_rings, layout_loops_ring
D:2:      layout_loops_ring, chequers_serial_rivers_large_b, elyvilon_altar_4
D:3:      layout_loops_cross, kennysheep_generic_room_11, uniq_terence
D:4:      minmay_razor_zed, layout_basic, tgw_sif, nzn_wu_jian_council_hall,
          nicolae_underground_beach, uniq_ijyb, uniq_pikel
D:5:      layout_basic, nicolae_overflow_hidden_temple,
          nicolae_qazlal_style_of_elements, lemuel_temple_firewalk_a,
          basic_altar, serial_shops, nicolae_shop_stone, uniq_duvessa
D:6:      layout_cave_pods, tso_metal_star, gammafunk_ghost_nasty_kobolds,
          basic_altar
D:8:      kennysheep_big_flooded_room, layout_cave_pools, basic_altar,
          nicolae_ossuary_entry_plus, grunt_ogre_cave, uniq_erica
D:9:      kennysheep_spiral_hall, layout_basic, kennysheep_mini_moat,
          general_overflow_altar, serial_shops, kennysheep_little_box,
          serial_corexii_hall, corexii_hall_statues_x, corexii_hall_statues_x
D:10:     layout_basic, basic_altar
D:12:     layout_roguey, erik_orc_2, mikee_hates_you
D:13:     layout_cave_pods, uniq_erolcha, uniq_urug
D:14:     layout_roguey, david_vaults_4, infiniplex_staircase_pool_1,
          gammafunk_ghost_split, chequers_jeans, minivault_25
D:15:     grunt_enter_depths_hoard, layout_basic, ashenzari_altar_1,
          portal_ice_cave_entry_pillars_1, gammafunk_ghost_berserking_beasts
Temple:   minmay_temple_curvy_loop
Orc:1:    layout_diamond_mine, serial_shops, shop, basic_altar,
          minmay_shop_mayhem, lightli_orcish_oven
Orc:2:    pf_orc_diabolical, layout_diamond_mine, serial_shops,
          nicolae_shop_competitors_out_of_business

Skill      XL: |  1  2  3  4  5  6  7  8  9 10 11 12 |
---------------+-------------------------------------+-----
Dodging        | 3 4 5 6 7 9 11 13 | 13.2
Long Blades    | 4 6 7 9 |  9.5
Fighting       | 5 6 7 9 11 13 15 | 15.3
Stealth        | |  1.7

Action                   |  1- 3 |  4- 6 |  7- 9 | 10-12 | 13-15 || total
-------------------------+-------+-------+-------+-------+-------++-------
Melee: Falchion          |   118 |    80 |   109 |       |       ||   307
       Tailslap          |    15 |     4 |    27 |    80 |       ||   126
       Hunting sling     |       |       |     4 |     8 |     1 ||    13
       Scimitar          |       |       |       |   249 |       ||   249
 Fire: Hunting sling     |       |       |   342 |   595 |    52 ||   989
Invok: Lunge             |       |       |     7 |     6 |       ||    13
       Whirlwind         |       |       |     5 |    26 |     1 ||    32
 Abil: Breathe Noxious F |       |       |     8 |    32 |     2 ||    42
  Use: Potion            |     5 |     1 |     1 |     7 |     1 ||    15
       Scroll            |       |       |    14 |    10 |       ||    24
 Stab: Sleeping          |     5 |     1 |       |     1 |       ||     7
       Distracted        |     1 |       |       |     1 |       ||     2
       Confused          |       |       |     3 |     4 |       ||     7
Armor: Skin              |    45 |    34 |    53 |    83 |       ||   215
Dodge: Dodged            |    87 |    39 |   192 |   596 |    22 ||   936
Block: Buckler           |       |       |       |   141 |     4 ||   145
       Rpst.: Falchion   |    23 |    13 |    22 |       |       ||    58
       Scimitar          |       |       |       |    79 |       ||    79

Table legend: (Time is in decaauts)
 A = Elapsed time spent in this place.
 B = Non-inter-level travel time spent in this place.
 C = Inter-level travel time spent in this place.
 D = Time resting spent in this place.
 E = Time spent auto-exploring this place.
 F = Levels seen in this place.
 G = Mean time per level.
                   A        B        C        D        E       F      G
               +--------+--------+--------+--------+--------+-----+--------+
         Total |  16311 |  15895 |    416 |    441 |  12298 |  18 |  906.2 |
       Dungeon |  13266 |  12872 |    394 |    300 |  10452 |  13 | 1020.5 |
        Temple |      1 |      1 |      0 |      0 |      0 |   1 |    1.0 |
  Orcish Mines |   1104 |   1082 |     22 |    137 |    548 |   2 |  552.0 |
       Ossuary |    832 |    832 |      0 |      4 |    572 |   1 |  832.0 |
      Ice Cave |   1106 |   1106 |      0 |      0 |    725 |   1 | 1106.0 |
               +--------+--------+--------+--------+--------+-----+--------+

Top non-repeatable levels by time:
    D:12: 2547 daAuts
    D:13: 1682 daAuts
     D:4: 1536 daAuts
     D:9: 1508 daAuts
     D:3: 1402 daAuts
    D:14: 1294 daAuts
     D:5: 1189 daAuts
   IceCv: 1106 daAuts
     D:8: 1102 daAuts
 Ossuary: 832 daAuts
   Orc:1: 568 daAuts
   Orc:2: 535 daAuts
    D:15: 409 daAuts
     D:6: 230 daAuts
     D:2: 192 daAuts
